 Dungeon Crawl Stone Soup version 0.32-a0-607-g64ea0e4219 (webtiles) character file.

Game seed: 2458756983143941798

57136 BeKind the Blocker (level 14, 0/95 (101) HPs)
             Began as an Octopode Fighter on Mar 3, 2024.
             Was the Champion of Qazlal.
             Succumbed to Nessos's poison
             ... on level 14 of the Dungeon.
             The game lasted 00:37:53 (23736 turns).

BeKind the Blocker (Octopode Fighter)              Turns: 23736, Time: 00:37:54

HP:   0/95 (101)    AC: 17    Str: 15    XL:     14   Next: 84%
MP:   26/26         EV: 16    Int: 13    God:    Qazlal [******]
Gold: 1770          SH: 22    Dex: 12    Spells: 22/29 levels left

rFire   + + .        H - +2 trident (venom)
rCold   . . .        t - +2 kite shield
rNeg    . . .        (helmet restricted)
rPois   .            (no amulet)
rElec   .            h - ring of see invisible
rCorr   .            p - ring of protection from fire
SInv    +            r - +4 ring of protection
Will    +....        v - +4 ring of protection
Stlth   +            y - ring of wizardry
HPRegen 0.35/turn    D - ring of flight
MPRegen 0.20/turn    K - +4 ring of protection
                     O - +4 ring of protection

%: repel missiles, wizardry (x1)
@: lethally poisoned (0 -> -11), protected from fire, flying, hasted, studying
Polearms, drained, very quick
A: almost no armour, amphibious, 8 rings, camouflage 1, gelatinous body 1,
(nimble swimmer 1), tentacles, beak, clumsy 1
a: Renounce Religion, Upheaval, Elemental Force, Disaster Area


You were on level 14 of the Dungeon.
You worshipped Qazlal.
Qazlal was exalted by your worship.
You visited 5 branches of the dungeon, and saw 23 of its levels.

You collected 1770 gold pieces.

Inventory:

Hand Weapons
 a - a +0 trident
 H - a +2 trident of venom (weapon)
Missiles
 n - a throwing net (quivered)
 B - 49 poisoned darts
Armour
 t - a +2 kite shield (worn)
Jewellery
 h - a ring of see invisible (left tentacle)
 p - a ring of protection from fire (right tentacle)
 r - a +4 ring of protection (on tentacle)
 v - a +4 ring of protection (on tentacle)
 y - a ring of wizardry (on tentacle)
 D - a ring of flight (on tentacle)
 G - an amulet of magic regeneration
 K - a +4 ring of protection (on tentacle)
 O - a +4 ring of protection (on tentacle)
 P - a +4 ring of slaying
 Q - a ring of fire
 R - a ring of protection from fire
 V - a ring of ice
Wands
 j - a wand of light (13)
 I - a wand of flame (45)
 J - a wand of polymorph (7)
 N - a wand of paralysis (11)
 S - a wand of mindburst (8)
 T - a wand of iceblast (5)
Scrolls
 b - 4 scrolls of vulnerability
 f - 5 scrolls of immolation
 i - 3 scrolls of amnesia
 l - 2 scrolls of enchant armour
 m - 2 scrolls of teleportation
 q - 5 scrolls of revelation
 w - 2 scrolls of noise
 x - 2 scrolls of fog
 E - 3 scrolls of enchant weapon
 F - 3 scrolls of poison
 L - 2 scrolls of silence
Potions
 c - 2 potions of might
 g - 2 potions of magic
 k - a potion of mutation
 o - a potion of berserk rage {unknown}
 s - 3 potions of curing
 z - 2 potions of enlightenment {unknown}
 A - 2 potions of invisibility
 C - a potion of resistance
 M - 2 potions of brilliance {unknown}
Miscellaneous
 U - a phial of floods


   Skills:
 + Level 11.0 Fighting
 + Level 12.1 Polearms
 + Level 11.6 Dodging
 + Level 12.3 Shields
 * Level 8.0 Spellcasting
 - Level 10.0 Summonings


You had 22 spell levels left.
You knew the following spells:

 Your Spells              Type           Power      Damage    Failure   Level
a - Summon Small Mammal   Summ           100%       N/A       1%          1
b - Call Imp              Summ           62%        N/A       1%          2
c - Summon Blazeheart Go  Fire/Summ      18%        N/A       14%         4

Your spell library contained the following spells:

 Spells                   Type           Power      Damage    Failure   Level
 Call Canine Familiar     Summ           31%        N/A       1%          3
 Apportation              Tloc           10%        N/A       11%         1
 Magic Dart               Conj           20%        1d4       11%         1
 Blink                    Tloc           10%        N/A       16%         2
 Jinxbite                 Hex            10%        N/A       16%         2
 Searing Ray              Conj           10%        2d4       16%         2
 Ozocubu's Armour         Ice            5%         N/A       32%         3
 Anguish                  Hex/Necr       2%         N/A       69%         4
 Cause Fear               Hex            2%         N/A       69%         4
 Fulminant Prism          Conj/Alch      2%         3d5       69%         4
 Alistair's Intoxication  Alch           3%         N/A       95%         5
 Metabolic Englaciation   Hex/Ice        2%         N/A       95%         5
 Sculpt Simulacrum        Ice/Alch       2%         N/A       100%        6
 Enfeeble                 Hex            2%         N/A       100%        7


Dungeon Overview and Level Annotations

Branches:
Dungeon (15/15)            Temple (0/1) D:6            Lair (5/5) D:9
  Swamp (1/4) Lair:2        Snake (1/4) Lair:3        Slime (0/5) Lair:4
    Orc (1/2) D:9          Vaults (0/5) D:14
 Depths: D:15

Altars:
Makhleb
Nemelex Xobeh
Qazlal
Trog
Beogh
Jiyva

Shops:
D:2 =   D:10 [

Portals:
Abyss: Lair:2

Annotations:
D:14 Rupert
D:15 Nessos
Lair:1 3 runed translucent doors, jasper's ghost, journeyman OnCA
Lair:2 1 transporter, Lorucwy's ghost, journeyman OnFE


Innate Abilities, Weirdness & Mutations

You cannot wear most types of armour.
You are amphibious.
You can wear up to eight rings at the same time.
Your skin changes colour to match your surroundings (Stealth+).
Your rubbery body absorbs attacks. (AC +1, EV +1)
((You are camouflaged when in or above water. (Stealth+)))
You have tentacles for arms and can constrict up to eight enemies at once.
You have a beak for a mouth.
You are clumsy. (Dex -2)


Message History

Rupert says, "You are weak."
Rupert hits you but does no damage.
You feel drained.
The centaur unwields a +0 shortbow.
The centaur hits you but does no damage.
The centaur kicks you but does no damage.
There is a stone staircase leading up, spattered with blood here.
Nessos shoots an arrow.
The arrow hits you!!
Your resistance to physical damage fades away.
You feel protected from fire. The arrow burns you.
You are poisoned.
The centaur warrior shoots an arrow.
You block the arrow.
The centaur shoots an arrow.
You block the arrow. You block the centaur's attack.
The centaur closely misses you.
The seven-headed hydra is engulfed in blazing flames.
The seven-headed hydra misses you.
The seven-headed hydra closely misses you.
The seven-headed hydra barely misses you.
The seven-headed hydra misses you.
The seven-headed hydra bites you but does no damage.
The seven-headed hydra bites you.
The seven-headed hydra completely misses you.
Rupert hits you with a +2 executioner's axe of draining!!
* * * LOW HITPOINT WARNING * * *
You feel drained.
* * * LOW HITPOINT WARNING * * *
Nessos shoots an arrow.
The arrow completely misses you.
You fly upwards.
* * * LOW HITPOINT WARNING * * *
You feel extremely sick.
There is a stone staircase leading down here.
Blink to where?
Press: ? - help, Dir - move target
As you read the scroll of blinking, it crumbles to dust.
* * * LOW HITPOINT WARNING * * *
You feel very sick.
You feel yourself speed up.
* * * LOW HITPOINT WARNING * * *
You feel very sick.
You die...

#.....#..#.....#..
#.....#..#.....###
#.....#..#....∩###
########..#######..
#..c÷@@.......+....
#...##).####.###...
##D.##..####.###...
#.####............. ####
#######.@................
#..#####.##..##○○...............
#................########'###.##
#.......<........##..####.######
##..##...##..##...#...#....'....
#####...##>.##...'...#....#....
#.............#...#....#....
#........######..###..##.###
##...##..##..##..###..######


There were no monsters in sight!

Vanquished Creatures
  An ironbound preserver (D:14)
  The ghost of Otiejusm the Frost Mage, a journeyman GnIE of Gozag (D:14)
  A minotaur (D:14)
  Azrael (D:14)
  The ghost of Wolyd the Fighter, a journeyman DsCK of Xom (D:12)
  5 hydras
  Erolcha (D:13)
  3 two-headed ogres
  A centaur warrior (D:13)
  3 boulder beetles
  6 death yaks
  The ghost of snackwell the Slicer, a journeyman VSWn of Beogh (D:11)
  Urug (Lair:2)
  A deep elf knight (D:14)
  Sonja (D:9)
  Nergalle (Lair:2)
  2 mana vipers (Snake:1)
  A sea snake (Lair:4)
  A deep elf pyromancer (D:12)
  A harpy (D:14)
  An orc knight (D:14)
  3 manticores
  A salamander (Lair:3)
  5 ugly things
  5 cyclopes
  3 slime creatures (D:12)
  Joseph (D:8)
  A black mamba (Lair:4)
  A torpor snail (Lair:4)
  An apocalypse crab (Lair:2)
  A gargoyle (D:12)
  2 unseen horrors
  8 cane toads
  5 kobold demonologists (D:12)
  An efreet (D:13)
  3 rime drakes
  8 komodo dragons
  A tengu conjurer (D:14)
  4 trolls
  2 hornets (Lair:2)
  2 tyrant leeches (Lair:2)
  2 polar bears (Lair:2)
  A raiju (shapeshifter) (D:14)
  2 dream sheep (Lair:4)
  3 blink frogs (Lair:4)
  A centaur simulacrum (D:14)
  3 shadows
  A vampire (D:12)
  26 yaks
  A spriggan (Lair:2)
  4 wraiths
  5 basilisks
  5 wyverns
  3 fire elementals (D:14)
  A warg (D:9)
  4 steam dragons
  3 vampire mosquitoes (D:12)
  3 nagas (Lair:3)
  2 swamp worms (Lair:2)
  A hell hound (D:14)
  2 acid dragons
  The ghost of Pokonic1 the Trooper, an amateur OnMo (D:3)
  11 water moccasins
  6 black bears
  14 orc warriors
  3 laughing skulls (D:14)
  15 wolves
  7 ogres
  3 centaurs
  12 kobold brigands
  6 bullfrogs
  6 scorpions
  5 wights (D:8)
  8 killer bees
  5 howler monkeys
  4 electric eels
  3 bombardier beetles
  4 jellies
  9 orc priests
  Jessica (D:2)
  3 gnoll boudas
  3 hounds
  4 iguanas
  15 orc wizards
  2 sleepcaps
  9 adders
  21 gnolls
  A shadow imp (D:6)
  13 white imps
  2 ufetubi (D:6)
  A dart slug (D:1)
  5 ribbon worms
  46 orcs
  7 ball pythons
  8 endoplasms
  A giant cockroach (D:2)
  10 hobgoblins
  9 jackals
  28 kobolds
  2 quokkas
  3 bats
  A frilled lizard (D:2)
  8 goblins
  6 rats
497 creatures vanquished.

Vanquished Creatures (collateral kills)
  A freezing wraith (D:14)
  An orc (D:10)
2 creatures vanquished.

Vanquished Creatures (others)
  3 blazeheart cores (D:14)
3 creatures vanquished.

Grand Total: 502 creatures vanquished

Notes
Turn   | Place    | Note
-------+----------+-------------------------------------------
     0 | D:1      | BeKind the Octopode Fighter began the quest for the Orb.
     0 | D:1      | Reached XP level 1. HP: 16/16 MP: 1/1
    42 | D:1      | Reached XP level 2. HP: 16/21 MP: 2/2
   343 | D:1      | You fall into a shaft and drop 1 floor!
   356 | D:2      | Reached XP level 3. HP: 23/26 MP: 3/3
   469 | D:2      | Reached XP level 4. HP: 31/31 MP: 4/4
  1231 | D:2      | Found Pujuubbil's Jewellery Emporium.
  1236 | D:2      | Noticed Jessica
  1257 | D:2      | Killed Jessica
  1258 | D:2      | Reached XP level 5. HP: 28/37 MP: 5/5
  1788 | D:2      | Reached XP level 6. HP: 39/43 MP: 6/6
  2089 | D:3      | Found a runed translucent gate.
  2090 | D:3      | Found a runed translucent gate.
  2090 | D:3      | Noticed Pokonic1's ghost (amateur OnMo)
  2091 | D:3      | Found a runed translucent gate.
  2159 | D:3      | Found a faded altar of an unknown god.
  2191 | D:3      | Prayed at the altar of an unknown god.
  2191 | D:3      | Became a worshipper of Qazlal Stormbringer
  2191 | D:3      | Reached * piety under Qazlal
  2460 | D:3      | Found a roughly hewn altar of Beogh.
  2717 | D:4      | Reached ** piety under Qazlal
  2905 | D:4      | Identified the +7 shortbow of the Hero {elec, rElec rC+}
  2910 | D:4      | Reached XP level 7. HP: 44/49 MP: 7/7
  3135 | D:4      | Reached skill level 5 in Shields
  3395 | D:5      | Entered Level 5 of the Dungeon
  3444 | D:5      | Reached skill level 5 in Dodging
  3571 | D:5      | Learned a level 1 spell: Summon Small Mammal
  3999 | D:5      | Reached XP level 8. HP: 50/54 MP: 8/8
  4748 | D:6      | Reached skill level 5 in Polearms
  4964 | D:6      | Found a staircase to the Ecumenical Temple.
  4972 | D:6      | Found a sparkling altar of Nemelex Xobeh.
  4987 | D:6      | Reached *** piety under Qazlal
  5786 | D:7      | Reached XP level 9. HP: 59/59 MP: 8/10
  5892 | D:7      | Reached skill level 1 in Spellcasting
  6491 | D:8      | Reached skill level 5 in Fighting
  6745 | D:8      | Noticed Joseph
  6769 | D:8      | Killed Joseph
  6835 | D:8      | Found a burning altar of Makhleb.
  7282 | D:9      | Found a staircase to the Orcish Mines.
  7853 | D:9      | Found a roughly hewn altar of Beogh.
  7968 | D:9      | Reached XP level 10. HP: 59/68 MP: 14/14
  8338 | D:9      | Found a staircase to the Lair.
  8436 | D:9      | Reached **** piety under Qazlal
  8841 | D:10     | Entered Level 10 of the Dungeon
  8921 | D:10     | Found Funiexif's Antique Armour Emporium.
  9021 | D:10     | Noticed a seven-headed hydra
  9029 | D:10     | Found a runed translucent door.
  9029 | D:10     | Noticed a six-headed hydra
  9416 | Orc:1    | Entered Level 1 of the Orcish Mines
  9730 | Orc:1    | Noticed Sonja
  9853 | D:9      | Killed Sonja
 10427 | Orc:1    | Noticed an orc warlord
 10815 | D:10     | Reached XP level 11. HP: 75/75 MP: 18/18
 10821 | D:10     | Reached ***** piety under Qazlal
 10825 | D:10     | Learned a level 2 spell: Call Imp
 10864 | D:10     | Killed a seven-headed hydra
 10865 | D:10     | Reached skill level 5 in Spellcasting
 10865 | D:10     | Reached skill level 1 in Summonings
 11386 | D:10     | Killed a six-headed hydra
 11756 | D:3      | Killed Pokonic1's ghost
 12012 | Lair:1   | Entered Level 1 of the Lair of Beasts
 12099 | Lair:1   | Reached skill level 10 in Shields
 12403 | Lair:1   | Reached skill level 5 in Summonings
 12798 | Lair:1   | Reached XP level 12. HP: 83/83 MP: 19/19
 13382 | Lair:1   | Found a runed translucent gate.
 13382 | Lair:1   | Found a runed translucent gate.
 13382 | Lair:1   | Found a runed translucent gate.
 13463 | Lair:1   | Found a viscous altar of Jiyva.
 13464 | Lair:1   | Noticed jasper's ghost (journeyman OnCA)
 13589 | Lair:2   | Found a transporter.
 13599 | Lair:2   | Found a transporter.
 13692 | Lair:2   | Found a one-way gate to the infinite horrors of the Abyss.
 13692 | Lair:2   | Noticed Lorucwy's ghost (journeyman OnFE)
 13829 | Lair:2   | Noticed Nergalle
 13835 | Lair:2   | Killed Nergalle
 13954 | Lair:2   | Noticed Urug
 13971 | Lair:2   | Killed Urug
 14284 | Lair:2   | Noticed an eight-headed hydra
 14297 | Lair:2   | Killed an eight-headed hydra
 14302 | Lair:2   | HP: 2/84 [tyrant leech (7)]
 14603 | Lair:2   | Noticed a hell hog
 15023 | Lair:2   | Found a staircase to the Swamp.
 15110 | Lair:3   | Reached skill level 10 in Dodging
 15326 | Lair:3   | Noticed a five-headed hydra
 15336 | Lair:3   | Killed a five-headed hydra
 15427 | Lair:3   | Noticed a death yak
 15451 | Lair:3   | Killed a death yak
 15452 | Lair:3   | Reached skill level 10 in Polearms
 15452 | Lair:3   | Reached XP level 13. HP: 73/90 MP: 20/20
 15993 | Lair:4   | Found a staircase to the Slime Pits.
 16419 | Lair:3   | Found a staircase to the Snake Pit.
 17294 | Lair:5   | Entered Level 5 of the Lair of Beasts
 18193 | Swamp:1  | Entered Level 1 of the Swamp
 18193 | Swamp:1  | Noticed an eleionoma
 18369 | Lair:2   | Gained mutation: You are clumsy. (Dex -2) [potion of
                  | mutation]
 18369 | Lair:2   | Gained mutation: You have a beak for a mouth. [potion of
                  | mutation]
 18892 | Snake:1  | Entered Level 1 of the Snake Pit
 18946 | Snake:1  | HP: 2/92 [naga ritualist/Olgreb's Toxic Radiance (4)]
 18947 | Snake:1  | Reached skill level 10 in Fighting
 19474 | D:11     | Reached skill level 10 in Summonings
 19647 | D:11     | Learned a level 4 spell: Summon Blazeheart Golem
 19678 | D:11     | Found a runed translucent gate.
 19678 | D:11     | Found a runed translucent gate.
 19678 | D:11     | Found a runed translucent gate.
 19679 | D:11     | Noticed snackwell's ghost (journeyman VSWn)
 19741 | D:11     | Reached ****** piety under Qazlal
 20018 | D:11     | Killed snackwell's ghost
 20221 | D:12     | Reached XP level 14. HP: 75/99 MP: 22/22
 20539 | D:12     | Found a runed translucent gate.
 20540 | D:12     | Found a runed translucent gate.
 20541 | D:12     | Found a runed translucent gate.
 20542 | D:12     | Noticed Wolyd's ghost (journeyman DsCK)
 20609 | D:12     | Killed Wolyd's ghost
 21716 | D:13     | Noticed Erolcha
 21730 | D:13     | Killed Erolcha
 21765 | D:13     | Found the +8 arc blade {discharge, rElec}
 21855 | D:13     | Found a bloodstained altar of Trog.
 22121 | D:14     | Noticed an ironbound preserver
 22137 | D:14     | Killed an ironbound preserver
 22192 | D:14     | Found a gate to the Vaults.
 22371 | D:14     | Found a runed translucent gate.
 22371 | D:14     | Found a runed translucent gate.
 22417 | D:14     | Found a runed translucent gate.
 22417 | D:14     | Noticed Otiejusm's ghost (journeyman GnIE)
 22421 | D:14     | Identified the +0 dagger of Hangol {venom, rN++}
 22822 | D:14     | Killed Otiejusm's ghost
 23078 | D:15     | Entered Level 15 of the Dungeon
 23085 | D:15     | Noticed Nessos
 23088 | D:15     | Noticed Azrael
 23257 | D:15     | Noticed Rupert
 23280 | D:14     | Killed Azrael
 23734 | D:14     | HP: 4/95 [poisoned by Nessos]
 23735 | D:14     | HP: 1/95 [poisoned by Nessos]
 23736 | D:14     | Succumbed to Nessos's poison

Illustrated notes

Levels and vault maps discovered:
D:1:      kennysheep_arrival_forest, layout_loops_corners,
          minmay_misc_feat_doors, st_stairs_7, minmay_splitting_lines
D:2:      minmay_chambers_of_twos, layout_basic, serial_shops,
          nicolae_shop_peninsula, uniq_jessica
D:3:      layout_basic, hellmonk_ecumenical_altar_arch_garden,
          biasface_ghost_orc_armoury
D:4:      layout_basic, chequers_hall_statues_wall_a,
          chequers_serial_rivers_small_a, minivault_4, st_stairs_6,
          kennysheep_generic_room_7
D:5:      layout_layer_cave, serial_bayou_pond_d
D:6:      layout_loops_corners, nemelex_xobeh_ov_fountains_minmay,
          minmay_temple_entry_trees, cheibrodos_sewer_entry_bend, serial_bayou,
          serial_bayou_shore_b, serial_bayou_pond_d, serial_bayou_ford_a,
          serial_bayou_crossing, serial_bayou_pond_b
D:7:      layout_basic
D:8:      layout_cave_pods, amcnicky_altar_gilded, uniq_joseph
D:9:      layout_grid_maze, grunt_lair_entry_orc_guard_hut,
          minmay_orc_entry_temple_small
D:10:     layout_basic, serial_shops, nicolae_shop_back_alley_shop,
          minmay_st_funbox
D:11:     layout_rooms, ebering_ghost_rock_garden, amcnicky_mini_pool_medium
D:12:     layout_layer_cave, gammafunk_ghost_nasty_kobolds
D:13:     layout_cross, trog_butcher_becter, uniq_erolcha
D:14:     layout_gridville, skrybe_vaults_entry_preservation,
          kennysheep_minor_cross, maelrawn_ghost_gauntlet_escape
D:15:     grunt_enter_depths_snipers, layout_cave_pools,
          nicolae_tso_swordbearing_angel, dreamdust_looks_like_rain,
          uniq_azrael, uniq_rupert, uniq_nessos
Lair:1:   layout_layer_cave, gammafunk_ghost_ooze, minivault_19,
          lemuel_fruit_tree
Lair:2:   layout_regular_city, palyth_hydra_swamp_entry,
          gammafunk_ghost_abyssal_escape, pdpol_lair_cavern_descent, uniq_urug,
          uniq_nergalle
Lair:3:   layout_gridlike, alex1729_snake_entry_snake,
          nicolae_volcano_entry_two_sided
Lair:4:   layout_cave_pods, slime_entry_1
Lair:5:   gammafunk_lair_ancient_temple, layout_regular_city
Swamp:1:  layout_basic_swamp, evilmike_swamp_ruin_house_5,
          nicolae_swamp_decorative_isthmus, infiniplex_staircase_pool,
          uniq_nikola
Snake:1:  layout_layer_cave
Orc:1:    layout_diamond_mine, portal_ice_cave_entry_imps, uniq_sonja

Skill      XL: |  1  2  3  4  5  6  7  8  9 10 11 12 13 14 |
---------------+-------------------------------------------+-----
Polearms       | 3 4 5 6 8 9 10 12 | 12.1
Dodging        | 4 5 6 7 8 9 10 11 | 11.6
Shields        | 4 6 7 8 9 10 11 12 | 12.3
Fighting       | 4 5 7 8 9 10 11 | 11.0
Spellcasting   | 3 4 5 8 |  8.0
Summonings     | 5 8 10 | 10.0

Action                     |  1- 3 |  4- 6 |  7- 9 | 10-12 | 13-15 || total
---------------------------+-------+-------+-------+-------+-------++-------
  Melee: Trident           |    39 |   176 |   298 |   570 |   574 ||  1657
         Constrict         |    10 |    35 |    57 |    77 |    51 ||   230
         Tentacles         |     7 |    20 |    63 |   131 |   153 ||   374
         Peck              |       |       |       |       |   116 ||   116
  Throw: Throwing net      |       |       |       |     3 |       ||     3
   Cast: Call Imp          |       |       |       |     6 |     2 ||     8
         Summon Small Mamm |       |       |       |     4 |       ||     4
         Summon Blazeheart |       |       |       |       |     5 ||     5
    Use: Potion            |       |       |     2 |     4 |    13 ||    19
         Scroll            |       |       |       |    10 |    11 ||    21
   Stab: Sleeping          |     1 |     5 |       |       |       ||     6
         Distracted        |       |     1 |       |     1 |       ||     2
         Held in net/web   |       |       |       |     1 |       ||     1
         Invisible         |       |       |       |       |     5 ||     5
 Armour: Skin              |    14 |    60 |   112 |   185 |   204 ||   575
  Dodge: Dodged            |    15 |    59 |   106 |   192 |   163 ||   535
         Repelled          |       |       |       |    16 |    27 ||    43
  Block: Buckler           |     4 |    28 |       |       |       ||    32
         Kite shield       |       |     7 |   225 |   561 |   547 ||  1340

Table legend: (Time is in decaauts)
 A = Elapsed time spent in this place.
 B = Non-inter-level travel time spent in this place.
 C = Inter-level travel time spent in this place.
 D = Time resting spent in this place.
 E = Time spent auto-exploring this place.
 F = Levels seen in this place.
 G = Mean time per level.
                   A        B        C        D        E       F      G
               +--------+--------+--------+--------+--------+-----+--------+
         Total |  23755 |  22179 |   1576 |   3953 |  15033 |  23 | 1032.8 |
       Dungeon |  16756 |  15717 |   1039 |   2801 |  10720 |  15 | 1117.1 |
          Lair |   6629 |   6111 |    518 |   1152 |   4129 |   5 | 1325.8 |
         Swamp |      1 |      1 |      0 |      0 |      0 |   1 |    1.0 |
     Snake Pit |     71 |     60 |     11 |      0 |     29 |   1 |   71.0 |
  Orcish Mines |    296 |    290 |      6 |      0 |    155 |   1 |  296.0 |
               +--------+--------+--------+--------+--------+-----+--------+

Top non-repeatable levels by time:
  Lair:2: 2502 daAuts
     D:9: 2342 daAuts
    D:10: 1804 daAuts
    D:14: 1690 daAuts
  Lair:1: 1647 daAuts
    D:12: 1570 daAuts
     D:8: 1524 daAuts
     D:5: 1342 daAuts
  Lair:3: 1237 daAuts
  Lair:4: 1224 daAuts
     D:1: 1071 daAuts
     D:4: 946 daAuts
     D:7: 926 daAuts
     D:3: 872 daAuts
     D:6: 806 daAuts
